[Event "Queens Festival Final Team 2022"]
[Site "Tornelo"]
[Date "2022.06.26"]
[Round "6.4"]
[White "Krush, Irina"]
[Black "Ovezdurdiyeva, Jemal"]
[Result "1-0"]
[ECO "E93"]
[WhiteElo "2430"]
[BlackElo "2061"]
[Annotator "TA"]
[PlyCount "75"]
[EventDate "2022.06.24"]
[EventType "team-tourn"]
[EventCountry "NET"]
[SourceTitle "playchess.com"]
[Source "ChessBase"]
[SourceQuality "1"]
[WhiteTeam "United States"]
[BlackTeam "Turkmenistan"]
[WhiteTeamCountry "USA"]
[BlackTeamCountry "TKM"]
[TimeControl "180+2"]

1. d4 Nf6 2. c4 g6 3. Nc3 Bg7 4. e4 d6 5. Nf3 O-O 6. Be2 e5 7. d5 Nbd7 8. h3 Nc5 9. Qc2 a5 10. Bg5 {[%emt 0:00:03] is cutting edge theory. E93: King's Indian: Classical: Petrosian System with 7...Nbd7.} Bd7 11. Nd2 Qe8 12. O-O (12. g4 $14) 12... h6 13. Be3 b6 {[%emt 0:00:08] [#]} 14. Nb5 $146 (14. Nb3 $5 ) ({Predecessor:} 14. b3 Nh7 15. a3 Na6 16. Rfb1 f5 17. f3 Nf6 18. Qd1 Nc5 19. b4 Na4 20. Nxa4 Bxa4 {0-1 (34) Petukhov,V (2323)-Andersen,J (2307) ICCF email 2014}) 14... Qd8 15. Bd3 Nh5 16. Nb3 (16. Be2 $11) 16... Nf4 (16... Nxd3 $17 17. Qxd3 f5 18. exf5 gxf5) 17. Nxc5 $15 bxc5 18. Qd2 {[%emt 0:00:11] [#]} (18. f3 $15) 18... Qg5 $1 $17 19. g3 (19. f3 $142) 19... Nxh3+ (19... Bxh3 $17 {Hoping for ...Qg4.} 20. Rfb1 {[#]} Qh5 $1 21. Bxf4 exf4 22. Qxf4 Bg4) 20. Kh2 $15 Qf6 ({Much less strong is} 20... Qh5 21. Be2 Bg4 22. Bxg4 Qxg4 23. f3 $16) (20... Qd8 $15) 21. f3 (21. Nxc7 $11 Rab8 22. Nb5) 21... Ng5 22. Be2 (22. Bxg5 $11 {keeps the balance.} Qxg5 23. Qxg5 hxg5 24. Nxc7) 22... Rfc8 23. Rf2 Nh7 (23... Qe7 $15) 24. Rh1 h5 25. Kg2 (25. g4 $5 ) 25... Bxb5 ({Better is} 25... Qe7 $15) 26. cxb5 $11 {[%emt 0:00:02] next g4 is good for White.} Qe7 $1 27. g4 hxg4 28. fxg4 Nf8 $2 (28... Bf6 $1 $11 {and Black has nothing to worry.}) 29. Bh6 (29. a4 $18) 29... f6 $16 30. Qe3 {[%emt 0:00:01] White is much more active.} (30. Bxg7 $16 Qxg7 31. g5) 30... Nd7 (30... g5 $14) 31. Rf3 (31. g5 $16 f5 32. exf5 gxf5 33. Rxf5) 31... Bxh6 $2 ({Black should play} 31... g5 $14) 32. Rxh6 $2 ({Only move:} 32. Qxh6 $18 {Threatening mate with Qh8+.} Qg7 33. Qh2) 32... Kg7 $11 {[%emt 0:00:03] Prevents Qh8.} 33. Rfh3 Rh8 {[%emt 0:00:01] Prevents Rh7+.} 34. Bd1 Rag8 35. Qd2 Nf8 36. Rxh8 Rxh8 37. Qxa5 Qd7 (37... Rxh3 $11 {remains equal.} 38. Kxh3 Nh7) 38. Qa7 $2 {[%emt 0:00:02][%mdl 32768] Weighted Error Value: White=0.44/Black=0.47. Loss on time!?} (38. Rxh8 $16 {is forced if you want to stay better.} Kxh8 39. a4) 1-0

[Event "Queens Festival Final Team 2022"]
[Site "Tornelo"]
[Date "2022.06.26"]
[Round "6.4"]
[White "Shohradowa, Lala"]
[Black "Bian, Erin"]
[Result "1-0"]
[ECO "E11"]
[WhiteElo "1856"]
[BlackElo "1811"]
[Annotator "NA RC"]
[PlyCount "65"]
[EventDate "2022.06.24"]
[EventType "team-tourn"]
[EventCountry "NET"]
[SourceTitle "playchess.com"]
[Source "ChessBase"]
[SourceQuality "1"]
[WhiteTeam "Turkmenistan"]
[BlackTeam "United States"]
[WhiteTeamCountry "TKM"]
[BlackTeamCountry "USA"]
[TimeControl "180+2"]

1. d4 Nf6 2. c4 e6 3. g3 Bb4+ 4. Bd2 a5 5. Bg2 d5 6. Nf3 O-O 7. O-O dxc4 8. a3 Bxd2 9. Nbxd2 b5 10. Ne5 Ra7 11. a4 Qxd4 12. Nef3 Qb6 13. axb5 Qxb5 14. Nd4 Qxb2 15. Nxc4 Qb4 16. Ra4 Qe7 17. Nb5 Ra6 18. Rxa5 Rxa5 19. Nxa5 Qb4 20. Qb3 Qxa5 21. Rc1 c6 22. Nd6 Qc7 23. Qa3 Rd8 24. Rd1 c5 25. Rc1 Qxd6 26. Rxc5 Ba6 27. Qa5 Qd1+ 28. Bf1 Bxe2 29. Rc1 Qd2 30. Qxd2 Rxd2 31. Rc8+ Rd8 32. Rxd8+ Ne8 33. Rxe8# 1-0

[Event "Queens Festival Final Team 2022"]
[Site "Tornelo"]
[Date "2022.06.26"]
[Round "6.4"]
[White "Yellamraju, Aparna"]
[Black "Agajanova, Meryem"]
[Result "1/2-1/2"]
[ECO "E05"]
[WhiteElo "1720"]
[BlackElo "1783"]
[Annotator "NA RC"]
[PlyCount "134"]
[EventDate "2022.06.24"]
[EventType "team-tourn"]
[EventCountry "NET"]
[SourceTitle "playchess.com"]
[Source "ChessBase"]
[SourceQuality "1"]
[WhiteTeam "United States"]
[BlackTeam "Turkmenistan"]
[WhiteTeamCountry "USA"]
[BlackTeamCountry "TKM"]
[TimeControl "180+2"]

1. d4 d5 2. c4 e6 3. Nf3 Nf6 4. g3 Be7 5. Bg2 O-O 6. O-O dxc4 7. Qc2 a6 8. a4 Bd7 9. Rd1 Bc6 10. Nc3 Nbd7 11. e4 Rb8 12. d5 exd5 13. e5 Ne4 14. Nxd5 Bxd5 15. Rxd5 Nec5 16. Qxc4 c6 17. Rd1 Qb6 18. b4 Ne6 19. Rxd7 Bxb4 20. Be3 Qa5 21. Rb1 c5 22. Rdd1 Qxa4 23. Bd2 b5 24. Qg4 Bxd2 25. Qxa4 bxa4 26. Nxd2 Nd4 27. Nc4 g6 28. Na3 Rb3 29. Nc4 Rfb8 30. Ra1 R8b4 31. Nd2 Rb2 32. Ne4 c4 33. Nc5 Nc2 34. Rxa4 c3 35. Rxa6 Nd4 36. Nd3 Ne2+ 37. Kf1 c2 38. Nxb2 Rxb2 39. Raa1 cxd1=Q+ 40. Rxd1 Nc3 41. Re1 Nb5 42. f4 Nc7 43. Rd1 Ne6 44. Bd5 Kf8 45. Bxe6 fxe6 46. h4 Ra2 47. Rd3 Kf7 48. Re3 Ke7 49. Re2 Ra3 50. Kf2 Kf7 51. Re3 Ra2+ 52. Kf3 h5 53. Rc3 Ra4 54. Ke3 Rb4 55. Kd3 Ra4 56. Rc4 Ra3+ 57. Rc3 Ra4 58. Kc2 Ke7 59. Kb3 Re4 60. Rd3 Kf7 61. Kc3 Ra4 62. Kd2 Ke7 63. Ke3 Kf7 64. Kf3 Ke7 65. Ke3 Kf7 66. Rd4 Ra3+ 67. Rd3 Ra4 1/2-1/2

[Event "Queens Festival Final Team 2022"]
[Site "Tornelo"]
[Date "2022.06.26"]
[Round "6.5"]
[White "Alboredo, Julia"]
[Black "khezrian, Neda"]
[Result "1-0"]
[ECO "C44"]
[WhiteElo "2252"]
[BlackElo "1056"]
[Annotator "TA"]
[PlyCount "31"]
[EventDate "2022.06.24"]
[EventType "team-tourn"]
[EventCountry "NET"]
[SourceTitle "playchess.com"]
[Source "ChessBase"]
[SourceQuality "1"]
[WhiteTeam "Brazil"]
[BlackTeam "Iran"]
[WhiteTeamCountry "BRA"]
[BlackTeamCountry "IRI"]
[TimeControl "180+2"]

1. e4 e5 2. Nf3 Nc6 3. d4 exd4 4. Bc4 Bc5 5. c3 dxc3 6. Bxf7+ $1 (6. Nxc3 d6 $11) 6... Kf8 {[%emt 0:00:14] C44: Ponziani Opening and Scotch Gambit.} (6... Kxf7 $14 7. Qd5+ Kf8 8. Qxc5+ d6 9. Qxc3 Qe7) 7. Bb3 (7. Qd5 cxb2 8. Bxb2 (8. Qxc5+ $2 d6 $19) 8... Bb4+ 9. Kf1 Nf6 $15) 7... Nge7 $2 {[%emt 0:00:09] [#]} (7... d6 $16) 8. O-O ({Less strong is} 8. bxc3 Qe8 $16) 8... d6 {[%emt 0:00:22] White is clearly better.} 9. Ng5 {[%emt 0:00:07] [#]} ({Weaker is} 9. bxc3 Qe8 $16) 9... Ne5 $146 {[%emt 0:01:19] Against Qf3+} ({Predecessor:} 9... c2 10. Qf3+ Nf5 11. Nc3 Ncd4 12. Qf4 Bb4 13. exf5 Bxc3 14. Ne6+ Bxe6 15. fxe6+ Qf6 16. Qxf6+ gxf6 17. bxc3 Ke7 18. cxd4 {1-0 (18) Troyke,J (1667)-Marzisch,D (1470) Malchow 2017}) 10. Nxc3 {[%emt 0:00:19] Hoping for Kh1.} h6 {[%emt 0:00:17] [#]} 11. Ne6+ Bxe6 12. Bxe6 Ke8 $2 (12... N7c6 13. Be3 g5) 13. Bf4 (13. Kh1 $142) 13... Rf8 (13... N7g6 $142) 14. Bxe5 {[%emt 0:00:05] Chess con chili.} dxe5 15. Nd5 (15. Qg4 $18 g6 16. Rad1) 15... Nxd5 16. exd5 {[%emt 0:00:02] Weighted Error Value: White=0.54/Black=0.84} ({Much worse is} 16. Qxd5 Qxd5 17. Bxd5 c6 $15) 1-0

[Event "Queens Festival Final Team 2022"]
[Site "Tornelo"]
[Date "2022.06.26"]
[Round "6.5"]
[White "Masoumi, Sahar"]
[Black "Medeiros, Thauane Ferreira"]
[Result "1-0"]
[ECO "D36"]
[WhiteElo "2004"]
[BlackElo "1884"]
[Annotator "NA RC"]
[PlyCount "53"]
[EventDate "2022.06.24"]
[EventType "team-tourn"]
[EventCountry "NET"]
[SourceTitle "playchess.com"]
[Source "ChessBase"]
[SourceQuality "1"]
[WhiteTeam "Iran"]
[BlackTeam "Brazil"]
[WhiteTeamCountry "IRI"]
[BlackTeamCountry "BRA"]
[TimeControl "180+2"]

1. d4 d5 2. c4 e6 3. Nc3 Nf6 4. cxd5 exd5 5. Bg5 Be7 6. e3 c6 7. Bd3 O-O 8. Qc2 h6 9. Bf4 Re8 10. Nf3 Bd6 11. Bxd6 Qxd6 12. O-O Nbd7 13. Rab1 a5 14. a3 b5 15. e4 dxe4 16. Nxe4 Nxe4 17. Bxe4 Bb7 18. Rbd1 Nf6 19. Bd3 Rad8 20. Ne5 b4 21. axb4 axb4 22. Nc4 Qd5 23. Be2 Qg5 24. Bf3 Nd5 25. Kh1 Ba8 26. Ne5 Rc8 27. Qd2 1-0

[Event "Queens Festival Final Team 2022"]
[Site "Tornelo"]
[Date "2022.06.26"]
[Round "6.5"]
[White "Bucci, Andrea Vidigal"]
[Black "Davari, Sara"]
[Result "0-1"]
[ECO "C44"]
[WhiteElo "1769"]
[BlackElo "1674"]
[Annotator "NA RC"]
[PlyCount "92"]
[EventDate "2022.06.24"]
[EventType "team-tourn"]
[EventCountry "NET"]
[SourceTitle "playchess.com"]
[Source "ChessBase"]
[SourceQuality "1"]
[WhiteTeam "Brazil"]
[BlackTeam "Iran"]
[WhiteTeamCountry "BRA"]
[BlackTeamCountry "IRI"]
[TimeControl "180+2"]

1. e4 e5 2. Nf3 Nf6 3. d3 Nc6 4. c3 d5 5. Nbd2 Bd6 6. Be2 O-O 7. O-O Bg4 8. Re1 Re8 9. Nf1 dxe4 10. dxe4 Nxe4 11. h3 Bxf3 12. Bxf3 Nf6 13. Qb3 Rb8 14. Ng3 h6 15. Nf5 Ne7 16. Ng3 c6 17. Qa4 a6 18. Be3 Qd7 19. Rad1 Qc7 20. Rd2 Ned5 21. Nf5 Bf8 22. Qh4 Nxe3 23. Rxe3 Rbd8 24. Red3 Rxd3 25. Rxd3 e4 26. Re3 exf3 27. Nxh6+ gxh6 28. Qxf6 Rxe3 29. fxe3 Qg3 30. Qxf3 Qxf3 31. gxf3 Bd6 32. Kg2 Kg7 33. f4 f5 34. Kf3 Kf6 35. Ke2 Bc5 36. Kd3 Kg6 37. b4 Bb6 38. a4 Kh5 39. c4 Kh4 40. c5 Bc7 41. Kd4 Kxh3 42. e4 fxe4 43. Kxe4 Kg4 44. f5 Kg5 45. b5 axb5 46. axb5 cxb5 0-1

[Event "Queens Festival Final Team 2022"]
[Site "Tornelo"]
[Date "2022.06.26"]
[Round "6.5"]
[White "Khezrian, Nooralzahra"]
[Black "Gomes, Maria Eduarda Papini"]
[Result "0-1"]
[ECO "B01"]
[WhiteElo "1269"]
[BlackElo "1618"]
[Annotator "NA RC"]
[PlyCount "54"]
[EventDate "2022.06.24"]
[EventType "team-tourn"]
[EventCountry "NET"]
[SourceTitle "playchess.com"]
[Source "ChessBase"]
[SourceQuality "1"]
[WhiteTeam "Iran"]
[BlackTeam "Brazil"]
[WhiteTeamCountry "IRI"]
[BlackTeamCountry "BRA"]
[TimeControl "180+2"]

1. e4 d5 2. exd5 Qxd5 3. Nc3 Qa5 4. Nf3 Nf6 5. g3 Bf5 6. Bg2 e6 7. b4 Qb6 8. a3 c6 9. O-O Be7 10. d3 Nbd7 11. Re1 O-O 12. Bf4 Nd5 13. Nxd5 cxd5 14. Ne5 Nxe5 15. Bxe5 Rac8 16. Rc1 a5 17. Rb1 axb4 18. axb4 Bd6 19. Bxd6 Qxd6 20. Qe2 Rc3 21. g4 Bg6 22. h4 h6 23. h5 Bh7 24. Rb2 Rfc8 25. Rc1 Bxd3 26. Qe3 Bxc2 27. g5 Rxe3 0-1

[Event "Queens Festival Final Team 2022"]
[Site "Tornelo"]
[Date "2022.06.26"]
[Round "6.6"]
[White "Perez Rodriguez, Jennifer"]
[Black "Song, Yuxin"]
[Result "1/2-1/2"]
[ECO "B22"]
[WhiteElo "2251"]
[BlackElo "2317"]
[Annotator "TA"]
[PlyCount "90"]
[EventDate "2022.06.24"]
[EventType "team-tourn"]
[EventCountry "NET"]
[SourceTitle "playchess.com"]
[Source "ChessBase"]
[SourceQuality "1"]
[WhiteTeam "Paraguay"]
[BlackTeam "China"]
[WhiteTeamCountry "PAR"]
[BlackTeamCountry "CHN"]
[TimeControl "180+2"]

1. e4 c5 2. c3 Nf6 3. e5 Nd5 4. d4 cxd4 5. Nf3 d6 6. cxd4 Nc6 7. Bc4 dxe5 8. dxe5 Ndb4 9. Qb3 e6 {[%emt 0:00:02] B22: Sicilian: 2 c3.} 10. O-O Na5 11. Bb5+ Bd7 12. Qa4 {[%emt 0:00:06] White wants to play Bg5.} Bxb5 13. Qxb5+ Nac6 {[%emt 0:00:01] ...Nc2 is the strong threat.} 14. Nc3 ({But not} 14. Qxb7 $2 Rb8 15. Bg5 Qa5 16. Qxb8+ Nxb8 $19) 14... a6 15. Qe2 ({Not} 15. Qxb7 $2 Rb8 16. Bg5 Qa5 17. Qxb8+ Nxb8 $19) 15... Qd3 16. Bf4 (16. Rd1 $15 Qxe2 17. Nxe2) 16... Qxe2 $17 17. Nxe2 Nd5 (17... Rd8 $17) 18. Bd2 $11 Bc5 {[%emt 0:00:08] [#]} 19. Rac1 $146 ({Predecessor:} 19. Nc3 Rd8 20. Ne4 Be7 21. Rfd1 O-O 22. Nc3 Ndb4 23. Bf4 Nd3 24. Bg3 Nxb2 25. Rdb1 Ba3 26. Bf4 Nb4 27. Ne1 N4d3 28. Nxd3 Nxd3 29. Be3 Bb2 {0-1 (29) Hallaeva,B (2112)-Zhu,C (2419) Doha 2016}) 19... Ba7 20. Nc3 Nxc3 21. Bxc3 h6 22. Nd2 Ke7 23. Ne4 Bb8 24. f4 Ba7+ 25. Kh1 Be3 26. Rce1 Bd4 27. Bxd4 Nxd4 28. Rd1 ({Better is} 28. Nd6 $14) 28... Rhd8 29. Nd6 Nf5 30. Nxf5+ ({Much weaker is} 30. Nxb7 Rdb8 31. Nc5 Rxb2 $17) 30... exf5 {[%emt 0:00:02][%mdl 4096] Endgame KRR-KRR} 31. g3 Rac8 32. Rxd8 Rxd8 {[%emt 0:00:02] KR-KR} 33. Rf2 {[%emt 0:00:03] Inhibits Rd2.} Ke6 34. Kg2 g5 35. Rc2 Rd4 36. Kf3 Rd3+ 37. Kg2 (37. Ke2 $5 Rd7 38. Rc3 $11) 37... Rd4 38. Kf3 Rd3+ 39. Ke2 {[%emt 0:00:05] The position is equal.} Rd4 40. Ke3 Rb4 41. b3 Re4+ 42. Kf3 Rd4 {[%emt 0:00:03] Inhibits Rd2.} 43. Ke3 Re4+ 44. Kf3 Rd4 {[%emt 0:00:12] Inhibits Rd2.} 45. Ke3 Re4+ {[%emt 0:00:08] Weighted Error Value: White=0.06 (flawless) /Black=0.08 (flawless)} 1/2-1/2

[Event "Queens Festival Final Team 2022"]
[Site "Tornelo"]
[Date "2022.06.26"]
[Round "6.6"]
[White "Hong, Xing"]
[Black "Mayeregger Gonzalez, Fiorella"]
[Result "1-0"]
[ECO "B46"]
[WhiteElo "1999"]
[BlackElo "1284"]
[Annotator "NA RC"]
[PlyCount "45"]
[EventDate "2022.06.24"]
[EventType "team-tourn"]
[EventCountry "NET"]
[SourceTitle "playchess.com"]
[Source "ChessBase"]
[SourceQuality "1"]
[WhiteTeam "China"]
[BlackTeam "Paraguay"]
[WhiteTeamCountry "CHN"]
[BlackTeamCountry "PAR"]
[TimeControl "180+2"]

1. e4 c5 2. Nf3 e6 3. d4 cxd4 4. Nxd4 a6 5. Nc3 Qc7 6. Bd3 Nf6 7. O-O Nc6 8. Nxc6 bxc6 9. Qe2 d6 10. b3 Be7 11. Bb2 Bb7 12. f4 O-O 13. e5 dxe5 14. fxe5 Nd5 15. Ne4 Rad8 16. Nf6+ Bxf6 17. Bxh7+ Kxh7 18. Qh5+ Kg8 19. exf6 Nf4 20. Rxf4 g6 21. Qh6 Qb6+ 22. Bd4 Qxd4+ 23. Rxd4 1-0

[Event "Queens Festival Final Team 2022"]
[Site "Tornelo"]
[Date "2022.06.26"]
[Round "6.6"]
[White "Perez, Dalila"]
[Black "Cui, Wen"]
[Result "1/2-1/2"]
[ECO "E01"]
[WhiteElo "1799"]
[BlackElo "1718"]
[Annotator "NA RC"]
[PlyCount "100"]
[EventDate "2022.06.24"]
[EventType "team-tourn"]
[EventCountry "NET"]
[SourceTitle "playchess.com"]
[Source "ChessBase"]
[SourceQuality "1"]
[WhiteTeam "Paraguay"]
[BlackTeam "China"]
[WhiteTeamCountry "PAR"]
[BlackTeamCountry "CHN"]
[TimeControl "180+2"]

1. d4 d5 2. Nf3 Nf6 3. c4 e6 4. g3 c6 5. Bg2 Bd6 6. Nbd2 O-O 7. O-O Nbd7 8. Qc2 Re8 9. e4 dxe4 10. Nxe4 Nxe4 11. Qxe4 Nf6 12. Qc2 e5 13. dxe5 Bxe5 14. Nxe5 Rxe5 15. Bf4 Bf5 16. Qb3 Re7 17. Bg5 Rd7 18. Rad1 h6 19. Rxd7 Qxd7 20. Bxf6 gxf6 21. Rd1 Qe7 22. c5 Rd8 23. Rxd8+ Qxd8 24. h4 Qd7 25. Qc3 Kg7 26. Bf3 Bg6 27. h5 Bf5 28. Kg2 Qe6 29. a3 Qd7 30. Qb4 Qc7 31. Qd4 Qe7 32. b4 Qd7 33. Qf4 Qe6 34. a4 Qe5 35. Qd2 Be6 36. b5 Qxc5 37. bxc6 bxc6 38. a5 Bd5 39. a6 Bxf3+ 40. Kxf3 Qxh5+ 41. Ke3 Qb5 42. Qd3 Qb6+ 43. Ke2 Kf8 44. Ke1 Qb5 45. Qd8+ Kg7 46. Qc8 Qb6 47. Qg4+ Kf8 48. Qc8+ Kg7 49. Qg4+ Kf8 50. Qc8+ Kg7 1/2-1/2

[Event "Queens Festival Final Team 2022"]
[Site "Tornelo"]
[Date "2022.06.26"]
[Round "6.6"]
[White "Jiang, Tianyu"]
[Black "Mayeregger Gonzalez, Renata"]
[Result "1-0"]
[ECO "C25"]
[WhiteElo "1502"]
[BlackElo "1461"]
[Annotator "NA RC"]
[PlyCount "91"]
[EventDate "2022.06.24"]
[EventType "team-tourn"]
[EventCountry "NET"]
[SourceTitle "playchess.com"]
[Source "ChessBase"]
[SourceQuality "1"]
[WhiteTeam "China"]
[BlackTeam "Paraguay"]
[WhiteTeamCountry "CHN"]
[BlackTeamCountry "PAR"]
[TimeControl "180+2"]

1. Nc3 e5 2. e4 Nc6 3. f4 f6 4. Bb5 a6 5. Bxc6 bxc6 6. fxe5 fxe5 7. Qh5+ g6 8. Qxe5+ Qe7 9. Qxh8 Nf6 10. d3 d5 11. Bh6 dxe4 12. Qxf8+ Qxf8 13. Bxf8 Kxf8 14. Nxe4 Nxe4 15. dxe4 Bg4 16. Nf3 Re8 17. O-O-O Rxe4 18. Rhf1 Kg7 19. h3 Bxf3 20. Rxf3 Ra4 21. Rd7+ Kh6 22. Rxc7 Rxa2 23. Rff7 Ra1+ 24. Kd2 Rg1 25. g4 Rg2+ 26. Kc3 Kg5 27. Rxc6 Rg3+ 28. Kb4 Rxh3 29. Rc5+ Kxg4 30. Rc4+ Kg5 31. Rc5+ Kg4 32. c4 Rh2 33. b3 h5 34. Rg7 Ra2 35. Rxg6+ Kf4 36. Rxh5 Ke4 37. Rg4+ Kf3 38. Rd4 a5+ 39. Kb5 a4 40. Rh3+ Kg2 41. Rc3 axb3 42. Rxb3 Kf2 43. c5 Ke2 44. Rh4 Ra8 45. Rh2+ Kd1 46. Rb1# 1-0

[Event "Queens Festival Final Team 2022"]
[Site "Tornelo"]
[Date "2022.06.26"]
[Round "7.1"]
[White "Song, Yuxin"]
[Black "Subramanian, Anusha"]
[Result "1-0"]
[ECO "C10"]
[WhiteElo "2317"]
[BlackElo "1671"]
[Annotator "TA"]
[PlyCount "105"]
[EventDate "2022.06.24"]
[EventType "team-tourn"]
[EventCountry "NET"]
[SourceTitle "playchess.com"]
[Source "ChessBase"]
[SourceQuality "1"]
[WhiteTeam "China"]
[BlackTeam "England"]
[WhiteTeamCountry "CHN"]
[BlackTeamCountry "ENG"]
[TimeControl "180+2"]

1. e4 e6 2. d4 d5 3. Nd2 dxe4 4. Nxe4 Nd7 5. Nf3 Ngf6 6. Nxf6+ Nxf6 7. Be3 {[%emt 0:00:01] 7.c3 is a critical line.} b6 {[%emt 0:00:05] C10: French with 3 Nc3: Unusual Black 3rd moves and 3...dxe4.} 8. Ne5 a6 $1 {[%emt 0:00:11] Prevents Bb5+.} 9. Bd3 {[%emt 0:00:44] [#]} Bd6 $146 (9... Bb7 $11 {keeps the balance.}) ({Predecessor:} 9... Bb7 10. c3 Nd7 11. Nxd7 Qxd7 12. Qg4 h5 13. Qg5 Qd5 14. Qxd5 Bxd5 {½-½ (14) Arzumanian,G (2446)-Maslak,K (2537) Pardubice 2006}) 10. Qf3 $16 Rb8 11. Nc6 {[%emt 0:00:26][%csl LRb8,LRd8] White is much more active. The black rooks are badly placed.} Bb7 {[%emt 0:00:02] [#]} 12. Bxa6 $1 Bxc6 13. Qxc6+ Qd7 (13... Kf8 $142 14. O-O h5) 14. Bb5 $36 {[%emt 0:00:02][%mdl 2048] Qc4 is the strong threat. Keeping Black busy. This bishop pair is nice.} Qxc6 15. Bxc6+ Ke7 16. c4 {[%emt 0:00:02] Against Nd5} Nd7 17. f4 f5 18. Rg1 Kf6 $2 (18... Nf6 $16 19. O-O-O Kf7) 19. Bxd7 $18 Rhd8 20. Bc6 Bb4+ 21. Ke2 Rd6 22. d5 exd5 23. Bxd5 Re8 24. Kf3 c6 25. Bd4+ Kg6 26. Be5 Rdd8 27. Bxc6 Re6 28. Bd5 Re7 29. Rgd1 Bc5 30. g4 fxg4+ 31. Kxg4 {[%emt 0:00:01] [#] White threatens f5+ and mate.} Red7 32. f5+ Kh6 33. Bf4+ (33. Rd3 $142 Be3 34. Rxe3 Rh8 35. Rh3#) 33... g5 34. Bxg5+ Kg7 35. Bxd8 Rxd8 36. Be6 Rd4+ 37. Rxd4 {[%emt 0:00:01] White mates.} Bxd4 38. Rd1 Bxb2 39. Rd7+ Kf6 40. Rxh7 Ke5 41. Rf7 Bd4 42. h4 Bc5 43. h5 Kd4 44. h6 Kc3 45. h7 Bd4 46. f6 Kb2 47. h8=Q Kxa2 48. Qh3 Kb2 49. Rd7 Bc3 50. Rd3 Bxf6 51. Rb3+ Kc2 52. Qd3+ Kc1 53. Rb1# {[%emt 0:00:01] White took control after the opening.  Weighted Error Value: White=0.13 (very precise) /Black=0.54} 1-0

[Event "Queens Festival Final Team 2022"]
[Site "Tornelo"]
[Date "2022.06.26"]
[Round "7.1"]
[White "Grigoryan, Meri"]
[Black "Hong, Xing"]
[Result "1/2-1/2"]
[ECO "B14"]
[WhiteElo "1993"]
[BlackElo "1999"]
[Annotator "NA RC"]
[PlyCount "57"]
[EventDate "2022.06.24"]
[EventType "team-tourn"]
[EventCountry "NET"]
[SourceTitle "playchess.com"]
[Source "ChessBase"]
[SourceQuality "1"]
[WhiteTeam "England"]
[BlackTeam "China"]
[WhiteTeamCountry "ENG"]
[BlackTeamCountry "CHN"]
[TimeControl "180+2"]

1. d4 Nf6 2. c4 c5 3. e3 cxd4 4. exd4 e6 5. Nf3 d5 6. cxd5 exd5 7. Nc3 Be7 8. Bb5+ Bd7 9. Bxd7+ Nbxd7 10. O-O O-O 11. Re1 Re8 12. Bf4 h6 13. Ne5 Bf8 14. Qf3 Nb6 15. Rad1 Rc8 16. g4 Nc4 17. Nxc4 Rxe1+ 18. Rxe1 Rxc4 19. g5 Ne4 20. gxh6 Rxd4 21. hxg7 Bxg7 22. Nxe4 dxe4 23. Rxe4 Rxe4 24. Qxe4 Qd1+ 25. Kg2 Qg4+ 26. Kf1 Qd1+ 27. Kg2 Qg4+ 28. Kf1 Qd1+ 29. Kg2 1/2-1/2

[Event "Queens Festival Final Team 2022"]
[Site "Tornelo"]
[Date "2022.06.26"]
[Round "7.1"]
[White "Cui, Wen"]
[Black "Posadas, Rayelynn"]
[Result "1/2-1/2"]
[ECO "B41"]
[WhiteElo "1718"]
[BlackElo "1648"]
[Annotator "NA RC"]
[PlyCount "110"]
[EventDate "2022.06.24"]
[EventType "team-tourn"]
[EventCountry "NET"]
[SourceTitle "playchess.com"]
[Source "ChessBase"]
[SourceQuality "1"]
[WhiteTeam "China"]
[BlackTeam "England"]
[WhiteTeamCountry "CHN"]
[BlackTeamCountry "ENG"]
[TimeControl "180+2"]

1. e4 c5 2. Nf3 e6 3. d4 cxd4 4. Nxd4 a6 5. c4 Nf6 6. Nc3 Bc5 7. Be2 d6 8. Be3 O-O 9. O-O Nc6 10. Nxc6 bxc6 11. Bxc5 dxc5 12. Na4 Qe7 13. Qc2 e5 14. b3 Be6 15. Rad1 Rfd8 16. Rxd8+ Rxd8 17. f3 Rd4 18. Nc3 Qd7 19. Rd1 Rxd1+ 20. Bxd1 Qd4+ 21. Kf1 Nh5 22. Ne2 Qd6 23. Qc1 h6 24. Bc2 f6 25. Qd1 Qxd1+ 26. Bxd1 g5 27. g3 f5 28. Bc2 f4 29. Kf2 Kf7 30. Nc1 Ke7 31. Nd3 Kd6 32. a3 Ng7 33. g4 Bf7 34. Bd1 Ne6 35. Kf1 Nd4 36. Kf2 a5 37. a4 h5 38. h3 hxg4 39. hxg4 Bg6 40. Kf1 Ne6 41. Kf2 Nd8 42. Kf1 Nb7 43. Ke2 Nd8 44. Kf1 Ne6 45. Ke2 Nc7 46. Kf1 Na6 47. Ke2 Nb4 48. Kd2 Bf7 49. Kc3 Na2+ 50. Kd2 Nb4 51. Kc3 Na6 52. Kd2 Nc7 53. Kc3 Na6 54. Kd2 Nc7 55. Kc3 Na6 1/2-1/2

[Event "Queens Festival Final Team 2022"]
[Site "Tornelo"]
[Date "2022.06.26"]
[Round "7.1"]
[White "Catabay, Mae Katelyn Rose"]
[Black "Jiang, Tianyu"]
[Result "0-1"]
[ECO "B49"]
[WhiteElo "1321"]
[BlackElo "1502"]
[Annotator "NA RC"]
[PlyCount "28"]
[EventDate "2022.06.24"]
[EventType "team-tourn"]
[EventCountry "NET"]
[SourceTitle "playchess.com"]
[Source "ChessBase"]
[SourceQuality "1"]
[WhiteTeam "England"]
[BlackTeam "China"]
[WhiteTeamCountry "ENG"]
[BlackTeamCountry "CHN"]
[TimeControl "180+2"]

1. e4 c5 2. Nf3 e6 3. d4 cxd4 4. Nxd4 Nc6 5. Nc3 Qc7 6. Be3 a6 7. Be2 Nf6 8. O-O Bb4 9. f3 Bxc3 10. bxc3 d5 11. Bd3 dxe4 12. fxe4 Ne5 13. Qd2 Neg4 14. c4 Qxh2# 0-1

[Event "Queens Festival Final Team 2022"]
[Site "Tornelo"]
[Date "2022.06.26"]
[Round "7.2"]
[White "Davari, Sara"]
[Black "Perez, Dalila"]
[Result "1-0"]
[ECO "C01"]
[WhiteElo "1674"]
[BlackElo "1799"]
[Annotator "NA RC"]
[PlyCount "31"]
[EventDate "2022.06.24"]
[EventType "team-tourn"]
[EventCountry "NET"]
[SourceTitle "playchess.com"]
[Source "ChessBase"]
[SourceQuality "1"]
[WhiteTeam "Iran"]
[BlackTeam "Paraguay"]
[WhiteTeamCountry "IRI"]
[BlackTeamCountry "PAR"]
[TimeControl "180+2"]

1. e4 e6 2. d4 d5 3. Nc3 Bb4 4. exd5 exd5 5. Bd3 Nc6 6. Nge2 Nge7 7. O-O Bf5 8. Bf4 Qd7 9. Ng3 Bxd3 10. Qxd3 O-O-O 11. a3 Bd6 12. Bxd6 Qxd6 13. b4 Rdg8 14. Nf5 Kb8 15. Nxd6 cxd6 16. b5 1-0